 Dungeon Crawl Stone Soup version 0.30.1-11-g7821555f0a (webtiles) character file.

Game seed: 2715104301371848849

429 SacredBeard the Chopper (level 6, -1/56 HPs)
             Began as a Hill Orc Fighter on Nov 7, 2023.
             Was an Initiate of Beogh.
             Succumbed to a scorpion's poison
             ... on level 5 of the Dungeon.
             The game lasted 00:06:13 (3584 turns).

SacredBeard the Chopper (Hill Orc Fighter)          Turns: 3584, Time: 00:06:15

Health: -1/56      AC: 10    Str: 21    XL:     6   Next: 98%
Magic:  6/6        EV:  7    Int:  8    God:    Beogh [......]
Gold:   238        SH:  8    Dex: 10    Spells: 5/5 levels left

rFire   + . .        a - +0 war axe
rCold   . . .        s - +0 kite shield
rNeg    . . .        m - +0 chain mail
rPois   +            c - +0 helmet
rElec   .            (no cloak)
rCorr   .            (no gloves)
SInv    .            (no boots)
Will    .....        l - amulet of the acrobat Stlth
                     q - ring of protection from fire
HPRegen 0.29/turn    y - ring of poison resistance
MPRegen 0.10/turn

%: acrobat
@: mighty, lethally poisoned (-1 -> -14)
A: no striking features
a: Renounce Religion


You were on level 5 of the Dungeon.
You worshipped Beogh.
Beogh was noncommittal.
You visited 1 branch of the dungeon, and saw 5 of its levels.

You collected 238 gold pieces.

Inventory:

Hand Weapons
 a - a +0 war axe (weapon)
Missiles
 f - 10 boomerangs (quivered)
 w - 4 poisoned darts
Armour
 c - a +0 helmet (worn)
 m - a +0 chain mail (worn)
 s - a +0 kite shield (worn)
Jewellery
 j - a ring of ice
 l - an amulet of the acrobat (around neck)
 q - a ring of protection from fire (left hand)
 r - a ring of protection from cold
 y - a ring of poison resistance (right hand)
Scrolls
 b - 5 scrolls of identify {unknown}
 e - a scroll of fog {unknown}
 g - 3 scrolls of noise {unknown}
 h - 2 scrolls of magic mapping {unknown}
 k - a scroll of brand weapon {unknown}
 o - 3 scrolls of teleportation {unknown}
 v - a scroll of torment {unknown}
 z - a scroll of fear {unknown}
Potions
 i - 2 potions of curing {unknown}
 n - a potion of ambrosia {unknown}
 p - a potion of haste {unknown}
 t - a potion of flight {unknown}
 u - 2 potions of magic {unknown}
 x - a potion of resistance {unknown}


   Skills:
 - Level 5.0 Fighting
 * Level 6.8 Axes
 - Level 2.0 Throwing
 - Level 4.0 Armour
 - Level 1.0 Dodging
 - Level 4.0 Shields


You had 5 spell levels left.
You didn't know any spells.
Your spell library contained the following spells:

 Spells                   Type           Power      Damage    Failure   Level
 Frozen Ramparts          Ice            0%         1d1       100%        3
 Ice Form                 Ice/Tmut       0%         N/A       100%        4
 Summon Ice Beast         Ice/Summ       0%         N/A       100%        4


Dungeon Overview and Level Annotations

Branches:
Dungeon (5/15) Zot: 26319
 Temple: D:4-7

Altars:
Hepliaklqana
Okawaru


Message History

You closely miss the gnoll bouda. You completely miss the gnoll.
You slash the gnoll!
You kill the gnoll!
Beogh accepts your kill.
You closely miss the gnoll. The gnoll closely misses you.
The gnoll bouda hits you with a +0 club.
The gnoll hits you but does no damage. You block the gnoll's attack.
The gnoll hits you with a +0 club. You block the scorpion's attack.
You closely miss the gnoll bouda. You barely miss the gnoll.
You completely miss the gnoll. You hit the scorpion but do no damage.
The gnoll bouda hits you with a +0 club.
The gnoll hits you from afar with a +0 spear.
You block the gnoll's attack. The scorpion stings you.
The gnoll hits you with a +0 club.
You hit the gnoll bouda but do no damage.
You hit the scorpion. You completely miss the gnoll.
You closely miss the gnoll.
The gnoll bouda hits you but does no damage.
The scorpion stings you.
The gnoll hits you from afar with a +0 spear.
The gnoll hits you but does no damage. The gnoll hits you with a +0 club.
You block the gnoll bouda's attack. You block the gnoll's attack.
You block the scorpion's attack. The gnoll hits you but does no damage.
Okay, then.
You feel very mighty all of a sudden. The gnoll hits you with a +0 club.
* * * LOW HITPOINT WARNING * * *
The scorpion stings you.
* * * LOW HITPOINT WARNING * * *
You are lethally poisoned!
The scorpion poisons you! The gnoll bouda closely misses you.
The gnoll hits you but does no damage. The gnoll hits you with a +0 club!
* * * LOW HITPOINT WARNING * * *
You hit the gnoll bouda.
The gnoll bouda is moderately wounded.
You slice the gnoll!!
You kill the gnoll!
Beogh accepts your kill.
You hit the scorpion. You hit the gnoll.
You die...

#........... .......
#........... .......
#.......#### .......
#.......+...
.......######.......#...
...............######...
...............'........
.......g)......#........
.....gs@.......#........
.......g.......######..#
#############'#........##..#
#.............#........+....
#.............#........#....
#.............#........#....
#.............#........#....
##'#####.####'#........#####
##...########......#####.....


You could see a gnoll bouda, a scorpion and 2 gnolls.

Vanquished Creatures
  A scorpion (D:4)
  2 hounds
  An orc priest (D:4)
  An iguana (D:4)
  Natasha (thrice) (D:4)
  An orc wizard (D:4)
  2 gnolls (D:5)
  3 adders
  2 worms (D:2)
  3 dart slugs
  12 orcs
  5 endoplasms
  A giant cockroach (D:2)
  9 goblins
  9 hobgoblins
  4 jackals
  2 quokkas
  9 ball pythons
  4 bats
  A frilled lizard (D:3)
  6 kobolds
  4 rats
85 creatures vanquished.

Vanquished Creatures (others)
  An orc wizard (D:4)
  An adder (D:4)
2 creatures vanquished.

Grand Total: 87 creatures vanquished

Notes
Turn   | Place    | Note
-------+----------+-------------------------------------------
     0 | D:1      | SacredBeard the Hill Orc Fighter began the quest for the
                  | Orb.
     0 | D:1      | Reached XP level 1. HP: 19/19 MP: 1/1
   174 | D:1      | Reached skill level 3 in Axes
   174 | D:1      | Reached XP level 2. HP: 25/27 MP: 2/2
   494 | D:1      | Reached XP level 3. HP: 33/33 MP: 3/3
   937 | D:2      | Found an iron altar of Okawaru.
  1076 | D:2      | Reached skill level 4 in Axes
  1076 | D:2      | Reached skill level 1 in Throwing
  1076 | D:2      | Reached XP level 4. HP: 40/40 MP: 4/4
  1670 | D:3      | Found a hazy altar of Hepliaklqana.
  1961 | D:3      | Reached skill level 1 in Dodging
  2471 | D:4      | Noticed a scorpion
  2477 | D:4      | Killed a scorpion
  2478 | D:4      | Reached XP level 5. HP: 46/46 MP: 5/5
  2504 | D:4      | Noticed Natasha
  2511 | D:4      | Killed Natasha
  2512 | D:4      | Reached skill level 5 in Axes
  2578 | D:4      | Reached XP level 6. HP: 27/53 MP: 6/6
  2578 | D:4      | Became a worshipper of Beogh the Brigand
  2727 | D:4      | Noticed Natasha
  2737 | D:4      | Killed Natasha
  2970 | D:4      | Noticed Natasha
  2974 | D:4      | Killed Natasha
  2975 | D:4      | Reached skill level 6 in Axes
  3069 | D:4      | Reached skill level 5 in Fighting
  3368 | D:5      | Entered Level 5 of the Dungeon
  3584 | D:5      | Succumbed to a scorpion's poison

Illustrated notes

Levels and vault maps discovered:
D:1:      minmay_arrival_plants_in_alcoves, layout_basic, minmay_tiny_reverse_x
D:2:      layout_basic, basic_altar
D:3:      layout_loops_corners, nzn_hepliaklqana_mist_gate
D:4:      layout_gridville, uniq_natasha
D:5:      layout_gridville, amcnicky_altar_gilded,
          minmay_temple_entry_offerings, supply_closet_lemuel

Skill      XL: |  1  2  3  4  5  6 |
---------------+-------------------+-----
Axes           | 3 4 5 6 |  6.8
Throwing       | 1 2 |  2.0
Fighting       | 4 5 |  5.0
Dodging        | 1 |  1.0
Shields        | 4 |  4.0
Armour         | 4 |  4.0

Action                     |  1- 3 |  4- 6 || total
---------------------------+-------+-------++-------
  Melee: War axe           |    89 |   169 ||   258
 Invoke: Convert to Beogh  |       |     1 ||     1
    Use: Potion            |       |     1 ||     1
 Armour: Scale mail        |    30 |       ||    30
         Chain mail        |     7 |    80 ||    87
  Dodge: Dodged            |    48 |    57 ||   105
  Block: Buckler           |    21 |    16 ||    37
         Kite shield       |       |    66 ||    66
